Map: Ice and Chrome LE

Players

ositoblanco

  • Race: Terran Terran
  • League: Platinum
  • Spawn Location: 1:00

RyuKey - Winner!

  • Race: Zerg Zerg
  • League: Diamond
  • Spawn Location: 7:00

VOD

Have the link to the VOD?

Description

Time

  • Played on: June 12, 2020, 10:59 a.m.
  • Length: 7:08
Show
View Real Time Build Order
Export as new Build Order

ositoblanco Terran 

Build Orders: 2 Factory 

Get SALT Encoding   

  12  0:01  SCV  
  13  0:14  SCV  
  14  0:19  Supply Depot  
  14  0:26  SCV  
  15  0:40  SCV  
  15  0:42  Barracks  
  16  0:53  SCV  
  16  0:54  Supply Depot  
  17  1:05  SCV  
  18  1:17  SCV  
  19  1:19  Barracks  
  19  1:26  Refinery  
  19  1:29  SCV  
  19  1:32  Refinery  
  20  1:36  Marine  
  21  1:41  SCV  
  22  1:53  SCV  
  22  1:54  Marine  
  24  2:05  SCV  
  24  2:07  Marine  
  26  2:12  Marine  
  26  2:14  Engineering Bay, Supply Depot  
  27  2:17  SCV  
  28  2:24  Marine  
  28  2:29  Marine  
  30  2:40  Factory  
  30  2:42  Marine, Orbital Command  
  31  2:56  Factory  
  31  3:02  Barracks Reactor  
  31  3:05  Barracks Tech Lab  
  31  3:26  Combat Shield  
  31  3:29  Terran Infantry Weapons Level 1  
  31  3:31  Factory Tech Lab  
  31  3:36  Marine  
  32  3:42  Factory Tech Lab  
  32  3:54  Marine  
  33  3:59  Supply Depot  
  33  4:01  Supply Depot  
  33  4:03  Siege Tank  
  33  4:07  Marine x2  
  38  4:12  Marine  
  39  4:22  Siege Tank  
  42  4:25  Marine x2  
  42  4:30  Marine  
  45  4:36  Barracks  
  45  4:45  Siege Tank  
  48  4:48  Marine  
  49  4:55  Marine  
  49  4:56  Marine  
  51  5:05  Marine  
  52  5:08  Siege Tank  
  52  5:13  Marine x2  
  57  5:23  Marine, Barracks Reactor  
  58  5:31  Marine x2  
  60  5:41  Marine  
  60  5:42  Siege Tank  
  64  5:49  Marine  
  65  6:04  Siege Tank  
  65  6:05  Marine  
  65  6:06  Marine x2  
  71  6:15  Marine x2  
  73  6:23  Marine x2  
  73  6:24  Marine  
  48  6:33  Marine  
  42  6:43  Marine  
  42  6:44  Marine x3  
Show
View Real Time Build Order
Export as new Build Order

RyuKey Zerg - Winner!

Build Orders: Hatch First 

Get SALT Encoding   

  12  0:00  Drone  
  13  0:16  Overlord  
  13  0:20  Drone  
  14  0:34  Drone x2  
  16  0:51  Hatchery  
  16  0:54  Drone  
  16  0:55  Drone  
  17  1:03  Drone  
  18  1:09  Extractor  
  17  1:14  Spawning Pool  
  16  1:19  Drone  
  18  1:25  Drone  
  18  1:34  Drone  
  19  1:47  Drone  
  20  2:10  Queen  
  20  2:11  Drone, Queen  
  20  2:12  Drone x2  
  27  2:17  Metabolic Boost  
  27  2:30  Drone  
  27  2:34  Overlord x3  
  28  2:51  Queen x2  
  28  2:55  Zergling x4  
  28  2:58  Drone x4  
  39  3:12  Drone  
  39  3:13  Drone  
  40  3:24  Drone x2  
  40  3:25  Drone x5  
  46  3:50  Baneling Nest  
  46  3:51  Extractor  
  46  3:54  Spine Crawler  
  43  3:58  Spine Crawler  
  42  4:04  Zergling x16  
  50  4:16  Zergling x2  
  51  4:17  Overlord x2  
  51  4:18  Overlord x2  
  51  4:46  Baneling x4  
  51  4:47  Baneling x3  
  51  4:49  Zergling x2  
  51  4:50  Zergling x12  
  58  4:53  Lair  
  58  5:24  Spore Crawler  
  58  5:26  Spore Crawler  
  56  5:40  Evolution Chamber  
  56  5:41  Drone x3  
  58  6:01  Spire  
  57  6:09  Zergling x28  
  65  6:31  Zergling x16  
  65  6:43  Extractor  
  65  6:45  Extractor  
  58  6:56  Hatchery  
Tags
 
Add a new tag
Caveats
  • Supply blocks, unpowered buildings, or Contaminate may cause inaccurate times.
  • Supply counts are checked every 10 seconds.